 Dungeon Sprint DCSS version 0.28.0-49-g6dfe1f597d (webtiles) character file.

Game seed: 6562772445507695061

1240 Arandomuser85 the Grappler (level 8, -1/89 HPs)
             Began as a Troll Berserker on May 17, 2022.
             Was an Elder of Trog.
             Shot with an arrow by a centaur warrior (30 damage)
             ... in the Dungeon (Sprint I: "Red Sonja").
             The game lasted 00:01:23 (341 turns).

Arandomuser85 the Grappler (Troll Berserker)         Turns: 341, Time: 00:01:23

Health: -1/89      AC:  4    Str: 26    XL:     8   Next: 25%
Magic:  7/7        EV: 12    Int:  5    God:    Trog [****..]
Gold:   405        SH:  0    Dex:  9    Spells: 7/7 levels left

rFire   . . .      SeeInvis .     - Unarmed
rCold   . . .      Faith    .   (no shield)
rNeg    . . .      Spirit   .   a - +0 animal skin
rPois   .          Reflect  .   (helmet restricted)
rElec   .          Harm     .   (no cloak)
rCorr   .          Rampage  .   (gloves unavailable)
Will    .....      NoTele   +   (boots unavailable)
Stlth   +.........              (no amulet)
HPRegen 1.04/turn               (no ring)
MPRegen 0.10/turn               (no ring)

@: no status effects
A: large, unfitting armour, claws 3, regeneration 1, shaggy fur 1, tough skin 1
a: Renounce Religion, Berserk, Trog's Hand, Brothers in Arms


You were in the Dungeon.
You worshipped Trog.
Trog was greatly pleased with you.
You visited 1 branch You collected 405 gold pieces.

Inventory:

Armour
 a - a +0 animal skin (worn)
Wands
 h - a wand of digging (4)
 i - a wand of iceblast (11)
Scrolls
 g - a scroll of blinking
 k - a scroll of identify {unknown}
Potions
 b - a potion of curing
 c - a potion of heal wounds
 d - a potion of haste
 e - 2 potions of magic
 f - a potion of berserk rage
 j - a potion of ambrosia {unknown}


   Skills:
 + Level 8.5 Fighting
 + Level 8.6 Dodging
 + Level 0.5 Stealth
 + Level 12.4 Unarmed Combat


You had 7 spell levels left.
You didn't know any spells.
Your spell library was empty.

Dungeon Overview and Level Annotations

Branches:
Dungeon (1/1)

Altars:
Cheibriados
Dithmenos
Elyvilon
Fedhas
Gozag
Hepliaklqana
Kikubaaqudgha
Makhleb
Nemelex Xobeh
Okawaru
Qazlal
Ru
Sif Muna
Trog
Uskayaw
Vehumet
Wu Jian
Xom
Yredelemnul
Zin
The Shining One
Jiyva
Lugonu

Shops:
D (


Innate Abilities, Weirdness & Mutations

You are too large for most types of armour.
You have claws for hands.
Your natural rate of healing is unusually fast.
You are covered in fur. (AC +1)
You have tough skin. (AC +1)


Message History

You recover from your berserk rage.
There is an open door, spattered with blood here.
There's nothing to close nearby.
You close the door.
You open the door.
There is an open door here.
You close the door.
There is an open door here.
You close the door.
You close the door.
You open the door.
There is an open door here.
You close the door.
You open the door.
A centaur warrior comes into view.
The centaur warrior moves out of view.
Found 11 bolts and a robe.
A centaur warrior comes into view.
The centaur warrior moves out of view.
There is an open door here.
You enter the shallow water.
Moving in this stuff is going to be slow.
You open the door.
The centaur warrior shouts!
The centaur warrior wields a +0 shortbow.
The centaur warrior shoots an arrow.
The arrow hits you!
The centaur warrior wields a +0 longbow.
The centaur warrior shoots an arrow.
The arrow barely misses you.
The centaur warrior shoots an arrow.
The arrow hits you!!
The centaur warrior shoots an arrow.
The arrow hits you!!
* * * LOW HITPOINT WARNING * * *
Found 17 gold pieces, a scroll labelled RASEOXZEIJ and a leather armour.
Found a hunting sling.
There is an open door, spattered with blood here.
You see here a scroll labelled RASEOXZEIJ.
Unknown command.
You close the door.
Something unseen breaks down the door.
k - a scroll labelled RASEOXZEIJ The centaur warrior shoots an arrow.
The arrow hits you!!
You die...

.#..)..#.)'..#__#..+)..#
.)..#..'..#..+..+..#)..#
.#####'#####+#__####...+
.####..#...#.####§§#####
.#__####..##.#≈≈§c§#
.#_____##'#_.'≈≈§§§+
⌠#_.∩...'..._#≈c≈c§#
##_..__##_.#'##'####
#_____###+#)#)$@[#
####### ####+###


You could see a centaur warrior.

Vanquished Creatures
  2 kobold demonologists (D)
  A slime creature (D)
  A yak (D)
  Sigmund (D)
  A floating eye (D)
  An ogre (D)
  A jelly (D)
  Ijyb (D)
9 creatures vanquished.

Notes
Turn   | Place    | Note
-------+----------+-------------------------------------------
     0 | D        | Arandomuser85 the Troll Berserker began the quest for the
                  | Orb.
     0 | D        | Reached XP level 1. HP: 22/22 MP: 0/0
     2 | D        | Noticed Ijyb
    13 | D        | Killed Ijyb
    14 | D        | Reached skill level 4 in Unarmed Combat
    14 | D        | Reached XP level 2. HP: 29/31 MP: 1/1
    32 | D        | Noticed an ogre
    36 | D        | Killed an ogre
    37 | D        | Reached skill level 6 in Unarmed Combat
    37 | D        | Reached XP level 3. HP: 40/40 MP: 2/2
    37 | D        | Reached XP level 4. HP: 49/49 MP: 3/3
    71 | D        | Noticed Sigmund
    82 | D        | Killed Sigmund
    82 | D        | Reached ** piety under Trog
    83 | D        | Reached skill level 8 in Unarmed Combat
    83 | D        | Reached XP level 5. HP: 41/59 MP: 4/4
   112 | D        | Found an ornate altar of the Wu Jian Council.
   112 | D        | Found a shimmering blue altar of Sif Muna.
   114 | D        | Found a radiant altar of Vehumet.
   117 | D        | Reached XP level 6. HP: 67/67 MP: 5/5
   145 | D        | Found Ireosi Kisoi's Weapon Emporium.
   145 | D        | Found an ancient bone altar of Kikubaaqudgha.
   145 | D        | Found a hazy altar of Hepliaklqana.
   145 | D        | Found a stormy altar of Qazlal.
   145 | D        | Found a hide-covered altar of Uskayaw.
   145 | D        | Found a blossoming altar of Fedhas.
   145 | D        | Found a bloodstained altar of Trog.
   145 | D        | Found an iron altar of Okawaru.
   145 | D        | Found a basalt altar of Yredelemnul.
   145 | D        | Found a glowing golden altar of the Shining One.
   145 | D        | Found a snail-covered altar of Cheibriados.
   145 | D        | Found a sacrificial altar of Ru.
   145 | D        | Found a glowing silver altar of Zin.
   145 | D        | Found a shadowy altar of Dithmenos.
   145 | D        | Found a white marble altar of Elyvilon.
   145 | D        | Noticed a yak
   149 | D        | Killed a yak
   150 | D        | Reached skill level 9 in Unarmed Combat
   150 | D        | Found an opulent altar of Gozag.
   151 | D        | Found a sparkling altar of Nemelex Xobeh.
   195 | D        | Found a burning altar of Makhleb.
   195 | D        | Found a viscous altar of Jiyva.
   195 | D        | Found a shimmering altar of Xom.
   195 | D        | Found a corrupted altar of Lugonu.
   195 | D        | Noticed a slime creature
   206 | D        | Killed a slime creature
   206 | D        | Reached *** piety under Trog
   207 | D        | Reached skill level 10 in Unarmed Combat
   207 | D        | Reached XP level 7. HP: 58/78 MP: 6/6
   258 | D        | Noticed a kobold demonologist
   258 | D        | Noticed a kobold demonologist
   259 | D        | Paralysed by a floating eye for 4 turns
   265 | D        | Reached skill level 11 in Unarmed Combat
   269 | D        | Noticed a red devil
   269 | D        | Noticed a rust devil
   270 | D        | Killed a kobold demonologist
   279 | D        | Killed a kobold demonologist
   279 | D        | Reached **** piety under Trog
   280 | D        | Reached skill level 12 in Unarmed Combat
   280 | D        | Reached XP level 8. HP: 89/89 MP: 7/7
   334 | D        | Noticed a centaur warrior
   335 | D        | Noticed a centaur warrior
   341 | D        | Shot with an arrow by a centaur warrior

Illustrated notes

Levels and vault maps discovered:
D:        dungeon_sprint_1 [red_sonja_temple_1, red_sonja_temple_small_1]

Skill      XL: |  1  2  3  4  5  6  7 |
---------------+----------------------+-----
Fighting       | 3 4 6 7 8 |  8.5
Dodging        | 3 4 6 7 8 |  8.6
Unarmed Combat | 4 6 8 10 12 | 12.4
Stealth        | |  0.5

Action                   |  1- 3 |  4- 6 |  7- 9 || total
-------------------------+-------+-------+-------++-------
Melee: Unarmed           |    13 |    20 |    16 ||    49
       Punch             |       |     2 |       ||     2
Invok: Berserk           |     1 |       |     1 ||     2
Armor: Animal skin       |     1 |     4 |     1 ||     6
Dodge: Dodged            |     6 |     1 |     6 ||    13
